 Dungeon Crawl Stone Soup version 0.29.1-13-g9f3cf754e1 (webtiles) character file.

Game seed: 8104334841120008710

332 zlionsfan the Slasher (level 6, 0/47 HPs)
             Began as a Djinni Monk on Jan 27, 2023.
             Slain by a lemure (8 damage)
             ... led by Pikel
             ... on level 4 of the Dungeon.
             The game lasted 00:09:27 (4655 turns).

zlionsfan the Slasher (Djinni Monk)                 Turns: 4655, Time: 00:09:28

Health: 0/47       AC:  2    Str: 10    XL:     6   Next: 82%
Gold:   1326       EV: 14    Int: 12    God:
                   SH:  0    Dex: 17

rFire   + + .      SeeInvis .   a - +0 falchion
rCold   x . .      Faith    .   (no shield)
rNeg    . . .      Spirit   .   b - +0 robe
rPois   ∞          Reflect  .   (no helmet)
rElec   .          Harm     .   (no cloak)
rCorr   .          Rampage  .   (no gloves)
Will    .....                   (boots unavailable)
Stlth   ++........              (no amulet)
HPRegen 0.15/turn               f - ring of wizardry
MPRegen 0.00/turn               (no ring)

@: flying
A: sickness immunity, fire resistance 2, cold vulnerability 1, float, innate
caster, HP casting, extra vitality 1
a: no special abilities


You were on level 4 of the Dungeon.
You visited 1 branch of the dungeon, and saw 4 of its levels.

You collected 1326 gold pieces.

Inventory:

Hand Weapons
 a - a +0 falchion (weapon)
Armour
 b - a +0 robe (worn)
Jewellery
 f - a ring of wizardry (left hand)
Wands
 o - a wand of light (2)
Scrolls
 d - 2 scrolls of teleportation
 h - a scroll of fear {unknown}
 k - a scroll of blinking {unknown}
 l - a scroll of torment {unknown}
 n - a scroll of enchant weapon {unknown}
Potions
 c - a potion of ambrosia
 g - a potion of cancellation {unknown}
 i - a potion of curing
 m - a potion of lignification {unknown}


   Skills:
 + Level 4.0 Fighting
 + Level 4.7 Long Blades
 + Level 4.4 Dodging
 + Level 2.9 Stealth


You had 2 spell levels left.
You knew the following spells:

 Your Spells              Type           Power      Damage    Failure   Level
a - Shock                 Conj/Air       0%         1d3       13%         1
b - Call Imp              Summ           0%         N/A       21%         2
Your spell library was empty.

Dungeon Overview and Level Annotations

Branches:
Dungeon (4/15)
 Temple: D:4-7

Altars:
Ru

Annotations:
D:4 Pikel


Innate Abilities, Weirdness & Mutations

You are immune to sickness and miasma.
You are immune to poison.
Your flesh is very heat resistant. (rF++)
You are vulnerable to cold. (rC-)
You float through the air rather than walking.
You learn spells naturally, not from books.
Your magical power is your life essence.
You have superior vitality. (+4 MHP)


Message History

You hit Pikel.
Pikel is moderately wounded.
The lemure completely misses you.
Pikel hits you with a +1 whip of flaming.
Pikel burns you.
You feel much better.
The endoplasm jiggles.
The lemure hits you. Pikel closely misses you.
You slash Pikel!
Pikel is heavily wounded.
The lemure barely misses you. Pikel closely misses you.
You barely miss Pikel.
Pikel is heavily wounded.
The lemure hits you. Pikel completely misses you.
You hit Pikel but do no damage.
Pikel is heavily wounded.
The lemure closely misses you.
Pikel hits you with a +1 whip of flaming.
You hit Pikel.
Pikel is heavily wounded.
The lemure hits you!
Pikel hits you with a +1 whip of flaming.
You catch the helpless Pikel completely off-guard!
You hit Pikel.
Pikel is heavily wounded.
The lemure hits you!
* * * LOW HITPOINT WARNING * * *
Pikel says, "You'll make a fine lemure."
Pikel hits you with a +1 whip of flaming!
* * * LOW HITPOINT WARNING * * *
Pikel burns you.
* * * LOW HITPOINT WARNING * * *
You feel better. The lemure hits you.
* * * LOW HITPOINT WARNING * * *
Pikel waves his whip at you. Pikel barely misses you.
You hit Pikel.
Pikel is heavily wounded.
The lemure hits you!
You die...

........).#####
#...........#####
#................
#..........######
#............# ###
#..........#.# ....
#..........#.# ....
###..........# #
♣.♣..##5@..........#
♣...55K#..........######
♣.♣..J5#########.>......#
♣..### #............
..... #............ .....
#.........>.. #####
#########.........
#.................
#.................


You could see Pikel (blind), 4 lemures and an endoplasm.

Vanquished Creatures
  A phantom (D:4)
  Natasha (thrice) (D:3)
  2 orc wizards
  Robin (D:3)
  4 adders
  4 worms
  5 orcs (D:3)
  7 ball pythons
  6 endoplasms
  6 giant cockroaches
  13 goblins
  9 hobgoblins
  A quokka (D:2)
  6 bats
  4 frilled lizards
  4 kobolds
  5 rats
81 creatures vanquished.

Vanquished Creatures (others)
  A goblin (D:3)
  8 fungi (D:3)
  A plant (D:3)
10 creatures vanquished.

Grand Total: 91 creatures vanquished

Notes
Turn   | Place    | Note
-------+----------+-------------------------------------------
     0 | D:1      | zlionsfan the Djinni Monk began the quest for the Orb.
     0 | D:1      | Reached XP level 1. HP: 20/20 MP: 0/0
   136 | D:1      | Reached XP level 2. HP: 24/25 MP: 0/0
   703 | D:1      | Reached XP level 3. HP: 30/30 MP: 0/0
   703 | D:1      | Learned a level 1 spell: Shock
  1720 | D:2      | Reached XP level 4. HP: 25/35 MP: 0/0
  2289 | D:3      | Noticed Robin
  2564 | D:3      | Reached XP level 5. HP: 40/40 MP: 0/0
  2564 | D:3      | Learned a level 2 spell: Call Imp
  2647 | D:3      | Found a faded altar of an unknown god.
  2963 | D:3      | Found a sacrificial altar of Ru.
  3001 | D:3      | Noticed Natasha
  3019 | D:3      | Killed Natasha
  3242 | D:3      | Noticed Natasha
  3268 | D:3      | Killed Natasha
  3269 | D:3      | Reached XP level 6. HP: 25/47 MP: 0/0
  3344 | D:3      | Noticed Natasha
  3481 | D:3      | Killed Natasha
  3893 | D:3      | Killed Robin
  4089 | D:3      | Identified a scroll of acquirement
  4090 | D:3      | Acquired 1100 gold pieces
  4639 | D:4      | Noticed Pikel
  4653 | D:4      | HP: 2/47 [Pikel/+1 whip of flaming (9)]
  4655 | D:4      | Slain by a lemure

Illustrated notes

Levels and vault maps discovered:
D:1:      eino_arrival_water_cross, layout_loops_ring,
          minmay_misc_feat_enclosed, serial_bayou_lagoon_a, skrybe_limestone_x,
          serial_bayou_pond_c, minmay_octomino_e4
D:2:      layout_loops_corners
D:3:      layout_loops_corners, mainiacjoe_overflow_boulevard,
          cheibrodos_sewer_entry_sluice, shapermc_ecumenical_altar_flowoftime,
          uniq_robin, uniq_natasha
D:4:      layout_basic, kennysheep_generic_room_4, uniq_pikel, uniq_grinder,
          uniq_sigmund

Skill      XL: |  1  2  3  4  5  6 |
---------------+-------------------+-----
Long Blades    | 3 4 |  4.7
Stealth        | 2 |  2.9
Dodging        | 4 |  4.4
Fighting       | 4 |  4.0

Action                   |  1- 3 |  4- 6 || total
-------------------------+-------+-------++-------
Melee: Falchion          |    99 |   191 ||   290
       Punch             |       |     1 ||     1
Evoke: Wand              |       |     1 ||     1
  Use: Scroll            |       |     5 ||     5
       Potion            |       |     3 ||     3
 Stab: Sleeping          |     6 |     7 ||    13
       Distracted        |     1 |       ||     1
       Invisible         |       |     1 ||     1
Armor: Robe              |     7 |    19 ||    26
Dodge: Dodged            |    64 |   121 ||   185
